AoeStats
← simbirbey

Arena

507804634Analyzed
4v4 RM · 11d ago on Sep 19, 2026· 45m 25s· 8 players
Game mode
Random Map
Map size
Large (8 player)
Population
200
Speed
Normal
Resources
Standard
Victory
Conquest
Starting age
Dark Age
Ending age
Imperial Age
RankedLock teamsTeams togetherTeam positionsShared explorationLock speedFull tech treeHidden civsTurbo modeCheats
Victory
Defeat
🇹🇷 Poles · Türkiye
890
+16
🇦🇹 Spanish · Austria
832
+18
🇵🇪 Vikings · Peru
828
+18
🇹🇷 Byzantines · Türkiye
809
+19
🇺🇸 Slavs · United States
900
-18
🇺🇸 Bulgarians · United States
888
-18
🇩🇪 Franks · Germany
874
-18
🇲🇽 Koreans · Mexico
863
-17
xjvc206
1:21 Loom
12:32 Feudal Age
18:25 Castle Age
16:53 Double-Bit Axe
16:56 Horse Collar
18:10 Forging
19:36 Wheelbarrow
19:10 Gambesons
19:26 Squires
19:13 Arson
21:11 Forging
22:22 Forging
22:14 Scale Mail Armor
Booger Flicker X
jstep
1:10 Loom
12:32 Feudal Age
13:05 Double-Bit Axe
14:02 Wheelbarrow
13:10 Horse Collar
20:07 Castle Age
18:34 Stone Mining
18:44 Gold Mining
21:01 Bow Saw
21:09 Hand Cart
20:56 Heavy Plow
21:50 Gold Shaft Mining
BLONDYN
0:28 Loom
11:15 Feudal Age
18:02 Castle Age
15:56 Stone Mining
16:00 Gold Mining
16:10 Double-Bit Axe
19:33 Bow Saw
20:16 Wheelbarrow
20:54 Gold Shaft Mining
28:14 #83
28:15 Forging
29:23 Iron Casting
30:33 Fletching
30:06 Pikeman
31:21 Ballistics
31:02 Murder Holes
32:17 Hand Cart
33:27 Scale Mail Armor
33:46 Squires
36:46 Fortified Wall
38:05 Bodkin Arrow
38:44 Husbandry
39:27 Scale Barding Armor
41:21 Masonry
47:02 Imperial Age
Kitty With A Relic
14:57 Feudal Age
19:35 Castle Age
18:36 Double-Bit Axe
18:33 Horse Collar
18:45 Gold Mining
19:11 Stone Mining
23:04 Fervor
24:10 Town Watch
24:11 Loom
26:36 Wheelbarrow
27:00 Bow Saw
30:53 Heavy Plow
31:30 Stone Shaft Mining
31:01 Scale Barding Armor
31:07 Forging
30:48 Fletching
32:03 Bloodlines
31:54 Husbandry
37:09 Imperial Age
36:50 Chain Barding Armor
38:07 Iron Casting
37:28 Bodkin Arrow
37:34 Padded Archer Armor
38:46 Conscription
39:09 Plate Barding Armor
39:40 Chemistry
38:52 Masonry
38:38 Murder Holes
39:09 Cavalier
41:15 Blast Furnace
41:27 Hoardings
42:10 Architecture
42:04 Fortified Wall
43:46 Two-Man Saw
44:08 Ballistics
44:05 Leather Archer Armor
45:45 Ring Archer Armor
45:16 Bracer
45:17 Scale Mail Armor
Lord Prima Nocte
12:20 Feudal Age
17:19 Castle Age
20:44 Squires
21:47 Forging
32:33 Treadmill Crane
33:35 Double-Bit Axe
35:16 Horse Collar
38:38 Gold Mining
40:22 Heavy Plow
40:33 Bow Saw
44:33 Imperial Age
42:49 Chieftains
43:48 Iron Casting
43:14 Scale Mail Armor
44:35 Murder Holes
45:36 Gold Shaft Mining
44:56 Stone Mining
45:00 Elite Berserk
simbirbey
7:47 Loom
12:43 Feudal Age
14:07 Wheelbarrow
13:32 Double-Bit Axe
16:56 Horse Collar
17:38 Gold Mining
19:51 Castle Age
18:28 Wheelbarrow
17:57 Stone Mining
20:25 Wheelbarrow
21:06 Squires
21:25 Forging
21:23 Scale Barding Armor
21:28 Heavy Plow
22:33 Gold Shaft Mining
24:32 Bow Saw
25:14 Stone Shaft Mining
34:27 Imperial Age
32:14 Hand Cart
38:03 Murder Holes
37:50 Treadmill Crane
38:31 Ballistics
39:12 Chemistry
38:51 Iron Casting
38:36 Chain Barding Armor
38:40 Conscription
40:05 Elite Cataphract
41:23 Plate Barding Armor
41:23 Crop Rotation
41:56 Two-Man Saw
41:34 Husbandry
42:07 Bombard Tower
caglacula
2:02 Loom
13:00 Feudal Age
18:30 Castle Age
17:23 Double-Bit Axe
17:20 Horse Collar
22:23 Fletching
23:36 Bow Saw
23:29 Heavy Plow
28:06 Man-at-Arms
29:03 Forging
30:35 Iron Casting
30:01 Scale Mail Armor
30:46 Long Swordsman
33:03 Chain Mail Armor
33:20 Gold Mining
39:11 Imperial Age
38:00 Ballistics
40:52 Chemistry
42:10 Blast Furnace
41:20 Elite Obuch
42:26 Conscription
43:40 Plate Mail Armor
Connection lost

Rejoining the realm…

Still unreachable

The connection could not be restored.

Session expired

The server has moved on; the page needs a fresh start.